 Dungeon Crawl Stone Soup version 0.31-a0-523-g071a6c1ffa (webtiles) character file.

Game seed: 2051462065445258155

91 Shayle the Changeling (level 4, 0/44 HPs)
             Began as an Ogre Shapeshifter on Aug 11, 2023.
             Succumbed to an adder's poison
             ... on level 2 of the Dungeon.
             The game lasted 00:03:14 (1373 turns).

Shayle the Changeling (Ogre Shapeshifter)           Turns: 1373, Time: 00:03:15

Health: 0/44       AC:  3    Str: 19    XL:     4   Next: 59%
Magic:  6/6        EV: 10    Int: 11    God:
Gold:   86         SH:  0    Dex:  9    Spells: 6/6 levels left

rFire   . .          .
                       - Unarmed
rCold   . . .        (no shield)
rNeg    . . .        a - +0 animal skin
rPois   .            (helmet currently unavailable)
rElec   .            (cloak currently unavailable)
rCorr   .            (gloves unavailable)
SInv    .            (boots unavailable)
Will    .....        (no amulet)
Stlth   +            (no ring)
HPRegen 0.27/turn    (no ring)
MPRegen 0.10/turn

%: no passive effects
@: mighty, lethally poisoned (0 -> -8), beast-form, invisible
A: beast (slay +2), large, unfitting armour, tough skin 1
a: Begin Untransformation


You were on level 2 of the Dungeon.
You were a hulking beast.
You visited 1 branch of the dungeon, and saw 2 of its levels.

You collected 86 gold pieces.

Inventory:

Armour
 a - a +0 animal skin (worn)
 m - a +0 cloak
Talismans
 c - a beast talisman (active)
 d - a flux talisman
 n - a blade talisman
Scrolls
 f - a scroll of silence {unknown}
 h - a scroll of amnesia {unknown}
 i - a scroll of poison {unknown}
 l - a scroll of blinking {unknown}
Potions
 b - a potion of resistance {unknown}
 g - a potion of brilliance {unknown}
 k - a potion of heal wounds {unknown}


   Skills:
 + Level 2.6 Fighting
 + Level 2.4 Dodging
 + Level 3.2 Unarmed Combat
 + Level 1.7 Spellcasting
 + Level 3.3 Shapeshifting


You had 6 spell levels left.
You didn't know any spells.
Your spell library contained the following spells:

 Spells                   Type           Power      Damage    Failure   Level
 Wereblood                Tmut           0%         N/A       41%         2
 Irradiate                Conj/Tmut      0%         3d11      100%        5


Dungeon Overview and Level Annotations

Branches:
Dungeon (2/15)

Altars:

Shops:
D:2 (


Innate Abilities, Weirdness & Mutations

You are a hulking beast.
Your limbs bulge with bestial killing power. (Slay +2)
You are too large for most types of armour.
You have tough skin. (AC +1)


Message History

Unknown command.
You hit the adder but do no damage.
The adder is moderately wounded.
You feel very sick. The adder barely misses you.
You barely miss the adder.
The adder is moderately wounded.
You feel sick. The adder closely misses you.
You barely miss the adder.
The adder is moderately wounded.
You feel sick. The adder barely misses you.
You closely miss the adder. Your punch misses the adder.
The adder is moderately wounded.
You feel sick. The adder closely misses you.
You hit the adder.
The adder is heavily wounded.
You feel sick. The adder closely misses you. The adder bites you.
You are more poisoned.
The adder poisons you!
You barely miss the adder.
The adder is heavily wounded.
You feel sick. The adder misses you.
You hit the adder.
The adder is severely wounded.
You feel sick. The adder bites you.
* * * LOW HITPOINT WARNING * * *
You miss the adder.
The adder is severely wounded.
* * * LOW HITPOINT WARNING * * *
You feel sick. The adder bites you.
* * * LOW HITPOINT WARNING * * *
You are more poisoned.
The adder poisons you!
It was a potion of invisibility.
You fade into invisibility!
* * * LOW HITPOINT WARNING * * *
You feel sick. The adder barely misses you. x2
It was a potion of might.
You feel very mighty all of a sudden.
You die...

###
##########
..#
#....†...#
#.#
#.######.#
#S# #.# #.#
#h#
#.######.##
#####.###
#.##.......
#.......#
#.##.###.##
#.###.#.#
#.##.# #>#
#.# #.#.#
#.##.###)#
#.# #.#.#
#........#
#.# #.#.#
####.#####
#.###.#.#
##.###
#.......#
#..#.##


You could see an adder (unable to see you).

Vanquished Creatures
  Natasha (D:2)
  Terence (D:2)
  An adder (D:2)
  A worm (D:2)
  A dart slug (D:1)
  2 giant cockroaches (D:1)
  3 goblins (D:1)
  3 hobgoblins
  2 jackals (D:2)
  2 kobolds
  A quokka (D:1)
  2 ball pythons (D:1)
  5 bats
  3 frilled lizards
  3 rats
31 creatures vanquished.

Notes
Turn   | Place    | Note
-------+----------+-------------------------------------------
     0 | D:1      | Shayle the Ogre Shapeshifter began the quest for the Orb.
     0 | D:1      | Reached XP level 1. HP: 19/19 MP: 1/1
    37 | D:1      | Found a faded altar of an unknown god.
   160 | D:1      | Reached XP level 2. HP: 27/28 MP: 2/2
   460 | D:2      | Reached skill level 1 in Spellcasting
   479 | D:2      | Noticed Terence
   489 | D:2      | Killed Terence
   490 | D:2      | Reached XP level 3. HP: 35/35 MP: 4/4
   863 | D:2      | Reached XP level 4. HP: 39/44 MP: 4/6
  1094 | D:2      | Noticed Natasha
  1107 | D:2      | Killed Natasha
  1231 | D:2      | Found Vutraa's Antique Weapon Boutique.
  1372 | D:2      | HP: 1/44 [poisoned by an adder]
  1373 | D:2      | Succumbed to an adder's poison

Illustrated notes

Levels and vault maps discovered:
D:1:      amcnicky_arrival_wind_blow, layout_basic,
          ebering_ecumenical_altar_webs
D:2:      layout_loops_corners, serial_shops, nicolae_shop_window_shopping,
          uniq_terence, uniq_natasha

Skill      XL: |  1  2 |
---------------+-------+-----
Dodging        | 2 |  2.4
Fighting       | 2 |  2.6
Spellcasting   | 1 |  1.7
Unarmed Combat | 3 |  3.2
Shapeshifting  | |  3.3

Action                     |  1- 3 |  4- 6 || total
---------------------------+-------+-------++-------
  Melee: Unarmed           |    81 |    49 ||   130
         Punch             |       |     1 ||     1
    Use: Potion            |     1 |     2 ||     3
 Armour: Animal skin       |    22 |    11 ||    33
         Skin              |     5 |       ||     5
  Dodge: Dodged            |    42 |    29 ||    71

Table legend: (Time is in decaauts)
 A = Elapsed time spent in this place.
 B = Non-inter-level travel time spent in this place.
 C = Inter-level travel time spent in this place.
 D = Time resting spent in this place.
 E = Time spent auto-exploring this place.
 F = Levels seen in this place.
 G = Mean time per level.
                   A        B        C        D        E       F      G
               +--------+--------+--------+--------+--------+-----+--------+
         Total |   1372 |   1349 |     23 |    151 |    857 |   2 |  686.0 |
       Dungeon |   1372 |   1349 |     23 |    151 |    857 |   2 |  686.0 |
               +--------+--------+--------+--------+--------+-----+--------+

Top non-repeatable levels by time:
     D:2: 933 daAuts
     D:1: 438 daAuts
